 Dungeon Crawl Stone Soup version 0.26-a0-1021-gda264ca44c (webtiles) character file.

Game seed: 3864606961592844887

121 lunkers the Grave Robber (level 5, 0/24 HPs)
             Began as a Vine Stalker Necromancer on Dec 9, 2020.
             Slain by a water moccasin skeleton (1 damage)
             ... on level 3 of the Dungeon.
             The game lasted 00:03:44 (3589 turns).

lunkers the Grave Robber (Vine Stalker Necromancer) Turns: 3589, Time: 00:03:45

Health: 0/24       AC:  2    Str: 11    XL:     5   Next: 5%
Magic:  0/11       EV: 12    Int: 16    God:
Gold:   101        SH:  0    Dex: 14    Spells: 6/10 levels left

rFire    . . .     SeeInvis +   g - +0 dagger
rCold    . . .     Faith    .   (no shield)
rNeg     . . .     Spirit   +   a - +0 robe
rPois    .         Reflect  .   (no helmet)
rElec    .         Harm     .   i - scarf {repulsion}
rCorr    .         Rampage  .   (no gloves)
Will     .....                  (no boots)
Stlth    ++........             q - amulet of the acrobat
HPRegen  0.48/turn              c - ring of see invisible
MPRegen  0.12/turn              (no ring)

@: repel missiles
A: fangs 2, regeneration 1, magic shield, antimagic bite, no potion heal 3, rot
immunity
a: no special abilities


You were on level 3 of the Dungeon.
You visited 1 branch of the dungeon, and saw 3 of its levels.

You collected 101 gold pieces.

Inventory:

Hand Weapons
 g - a +0 dagger (weapon)
Armour
 a - a +0 robe (worn)
 i - a scarf of repulsion (worn)
 o - a cursed +0 ring mail
Jewellery
 c - a ring of see invisible (left hand)
 q - an amulet of the acrobat (around neck)
 s - an uncursed amulet of guardian spirit {unknown}
Scrolls
 b - 4 scrolls of teleportation {unknown}
 d - a scroll of magic mapping {unknown}
 j - a scroll of enchant weapon {unknown}
 k - 2 scrolls of remove curse {unknown}
 l - 2 scrolls of enchant armour {unknown}
 p - a scroll of amnesia {unknown}
 r - a scroll of identify {unknown}
Potions
 e - 4 potions of mutation {unknown}
 f - 3 potions of curing {unknown}
 h - a potion of berserk rage {unknown}
 m - a potion of brilliance {unknown}
 n - a potion of might {unknown}


   Skills:
 - Level 1.5 Dodging
 - Level 2.4 Stealth
 + Level 3.4 Spellcasting
 * Level 5.5 Necromancy


You had 6 spell levels left.
You knew the following spells:

 Your Spells              Type           Power        Failure   Level
a - Pain                  Necr           ###.         1%          1
b - Vampiric Draining     Necr           ###.......   5%          3

Your spell library contained the following spells:

 Spells                   Type           Power        Failure   Level
 Animate Skeleton         Necr           ###...       1%          1
 Animate Dead             Necr           ###.......   19%         4
 Agony                    Necr           ###.....     45%         5


Dungeon Overview and Level Annotations

Branches:
Dungeon (3/15)

Altars:
Fedhas
Gozag
Nemelex Xobeh

Annotations:
D:2 exclusion: oklob plant


Innate Abilities, Weirdness & Mutations

You have extremely sharp teeth.
Your natural rate of healing is unusually fast.
When hurt, damage is shared between your health and your magic reserves.
Your bite disrupts and absorbs the magic of your enemies.
Potions cannot restore your health.
You are immune to rotting.


Message History

You drain its power.
You feel invigorated.
The water moccasin skeleton is heavily damaged.
The water moccasin skeleton bites you.
* * * LOW MAGIC WARNING * * *
* * * LOW HITPOINT WARNING * * *
The water moccasin skeleton barely misses you.
You hit the water moccasin skeleton. You bite the water moccasin skeleton.
You drain its power.
You feel invigorated.
The water moccasin skeleton is heavily damaged.
The water moccasin skeleton barely misses you.
You hit the water moccasin skeleton.
The water moccasin skeleton is heavily damaged.
The water moccasin skeleton bites you.
* * * LOW MAGIC WARNING * * *
* * * LOW HITPOINT WARNING * * *
You hit the water moccasin skeleton.
The water moccasin skeleton is severely damaged.
The water moccasin skeleton bites you.
* * * LOW MAGIC WARNING * * *
You die...

#...........#.############
#...........#...........
#......†....#.##########
#.....†....##.#
#..........##.#
#..........##.#
#.|....(....#.#
....o).........Z..#.#
...............@..#.#
.........####..##.#.#
########## #..# .#.# #..#
...# #... .. #... .. #...
...


You could see a water moccasin skeleton.

Vanquished Creatures
  An orc wizard (D:3)
  3 adders
  4 worms
  A leopard gecko (D:2)
  3 orcs (D:3)
  2 giant cockroaches
  6 goblins
  3 hobgoblins
  6 jackals
  9 bats
  A frilled lizard (D:2)
  6 kobolds
  8 rats
53 creatures vanquished.

Vanquished Creatures (others)
  12 toadstools (D:2)
12 creatures vanquished.

Grand Total: 65 creatures vanquished

Notes
Turn   | Place    | Note
-------+----------+-------------------------------------------
     0 | D:1      | lunkers the Vine Stalker Necromancer began the quest for
                  | the Orb.
     0 | D:1      | Reached XP level 1. HP: 9/9 MP: 4/4
   377 | D:1      | Reached XP level 2. HP: 10/13 MP: 3/6
  1599 | D:2      | Reached XP level 3. HP: 14/16 MP: 5/8
  1603 | D:2      | Learned a level 3 spell: Vampiric Draining
  1741 | D:2      | Found a sparkling altar of Nemelex Xobeh.
  2206 | D:2      | Found an opulent altar of Gozag.
  2261 | D:2      | Reached skill level 5 in Necromancy
  2600 | D:2      | Gained mutation: Your natural rate of healing is unusually
                  | fast. [Vine Stalker growth]
  2600 | D:2      | Reached XP level 4. HP: 15/21 MP: 3/9
  3051 | D:2      | Found a blossoming altar of Fedhas.
  3064 | D:2      | Noticed an oklob plant
  3446 | D:3      | Reached XP level 5. HP: 3/24 MP: 0/11
  3586 | D:3      | HP: 1/24 [water moccasin skeleton (2)]
  3589 | D:3      | Slain by a water moccasin skeleton

Illustrated notes

Levels and vault maps discovered:
D:1:      tarquinn_simple_flora_water_c, layout_basic
D:2:      layout_loops_ring, nemelex_xobeh_ov_fountains_minmay,
          overflow_temple_1_default, tgw_fedhas
D:3:      layout_basic, grunt_qazlal_clouds, tso_oasis_becter,
          grunt_ministairs_7

Skill      XL: |  1  2  3 |
---------------+----------+-----
Spellcasting   | 3 |  3.4
Necromancy     | 5 |  5.5
Dodging        | |  1.5
Stealth        | |  2.4

Action                   |  1- 3 |  4- 6 || total
-------------------------+-------+-------++-------
Melee: Unarmed           |     2 |       ||     2
       Bite              |     2 |     4 ||     6
       Dagger            |     1 |    15 ||    16
 Cast: Pain              |    77 |    38 ||   115
Armor: Robe              |     1 |     3 ||     4
Dodge: Dodged            |    10 |    11 ||    21

Table legend: (Time is in decaauts)
 A = Elapsed time spent in this place.
 B = Non-inter-level travel time spent in this place.
 C = Inter-level travel time spent in this place.
 D = Time resting spent in this place.
 E = Time spent auto-exploring this place.
 F = Levels seen in this place.
 G = Mean time per level.
                   A        B        C        D        E       F      G
               +--------+--------+--------+--------+--------+-----+--------+
         Total |   3591 |   3468 |    123 |    107 |   3031 |   3 | 1197.0 |
       Dungeon |   3591 |   3468 |    123 |    107 |   3031 |   3 | 1197.0 |
               +--------+--------+--------+--------+--------+-----+--------+

Top non-repeatable levels by time:
     D:2: 1591 daAuts
     D:1: 1585 daAuts
     D:3: 414 daAuts
